 Dungeon Crawl Stone Soup version 0.26-a0-1132-ge9770dfcb6 (webtiles) character file.

Game seed: 14501141436367369050

13 sahdkjhfkaj the Poker (level 2, 0/24 HPs)
             Began as a Merfolk Abyssal Knight on Dec 19, 2020.
             Was a Follower of Lugonu.
             Succumbed to a kobold's poison
             ... on level 1 of the Dungeon.
             The game lasted 00:01:05 (481 turns).

sahdkjhfkaj the Poker (Merfolk Abyssal Knight)       Turns: 481, Time: 00:01:05

Health: 0/24       AC:  3    Str: 12    XL:     2   Next: 37%
Magic:  3/3        EV: 12    Int: 11    God:    Lugonu [*.....]
Gold:   37         SH:  0    Dex: 13    Spells: 1/1 levels left

rFire    . . .     SeeInvis .   a - +1 spear
rCold    . . .     Faith    .   (no shield)
rNeg     . . .     Spirit   .   b - +0 leather armour
rPois    .         Reflect  .   (no helmet)
rElec    .         Harm     .   (no cloak)
rCorr    .         Rampage  .   (no gloves)
Will     .....                  (no boots)
Stlth    +.........             (no amulet)
HPRegen  0.08/turn              (no ring)
MPRegen  0.08/turn              (no ring)

@: lethally poisoned (0 -> -6)
A: change form in water, swift swim, stealthy swim
a: Renounce Religion, Depart the Abyss


You were on level 1 of the Dungeon.
You worshipped Lugonu.
Lugonu was aware of your devotion.
You visited 1 branch of the dungeon, and saw 1 of its levels.
You visited the Abyss 1 time.

You collected 37 gold pieces.

Inventory:

Hand Weapons
 a - a +1 spear (weapon)
Armour
 b - a +0 leather armour (worn)
Scrolls
 c - a scroll of magic mapping {unknown}
 d - 2 scrolls of identify {unknown}


   Skills:
 + Level 3.4 Fighting
 * Level 3.6 Polearms
 - Level 0.6 Armour
 + Level 3.0 Dodging
 + Level 2.2 Invocations


You had one spell level left.
You didn't know any spells.
Your spell library was empty.

Dungeon Overview and Level Annotations

Branches:
Dungeon (1/15)

Altars:


Message History

* * * LOW HITPOINT WARNING * * *
You feel sick.
Reach: a) +1 spear
Press: ? - help, Dir - move target, f - bat
Aim: a bat You barely miss the bat.
* * * LOW HITPOINT WARNING * * *
You feel sick. The bat barely misses you. The bat hits you but does no damage.
Unknown command.
Unknown command.
Reach: a) +1 spear
Press: ? - help, Dir - move target, f/p - bat
Aim: a bat You hit the bat.
You kill the bat!
Lugonu accepts your kill.
Unknown command.
There is a lethal amount of poison in your body!
There is a lethal amount of poison in your body!
You die...

...# #.#.#.##
...#######......####
............#......#.#
#..#...##.#.....##.#.#
#†.#...##.##.#....$#.##
.†...........####.....###
####....#...............#
#.(.#########)...>#.#
...........@)......#
#...............#.#
......#####......# ###
##...#.# ..##.# ###


There were no monsters in sight!

Vanquished Creatures
  An ooze (D:1)
  A giant cockroach (D:1)
  A goblin (D:1)
  2 kobolds (D:1)
  A bat (D:1)
  2 frilled lizards (D:1)
  2 rats (D:1)
10 creatures vanquished.

Notes
Turn   | Place    | Note
-------+----------+-------------------------------------------
     0 | Abyss:1  | sahdkjhfkaj the Merfolk Abyssal Knight began the quest for
                  | the Orb.
     0 | Abyss:1  | Reached XP level 1. HP: 18/18 MP: 2/2
    35 | Abyss:1  | Noticed a wraith
    40 | Abyss:1  | Noticed a ynoxinul
    48 | Abyss:1  | Noticed a large abomination
    54 | Abyss:1  | Noticed a daeva
    56 | D:1      | Escaped the Abyss
   380 | D:1      | Reached XP level 2. HP: 23/24 MP: 3/3
   465 | D:1      | Reached * piety under Lugonu
   479 | D:1      | HP: 1/24 [poisoned by a kobold]
   481 | D:1      | Succumbed to a kobold's poison

Illustrated notes

Levels and vault maps discovered:
D:1:      mrwooster_arrival_statue, layout_loops_ring

Skill      XL: |  1  2 |
---------------+-------+-----
Dodging        | 3 |  3.0
Fighting       | |  3.4
Polearms       | |  3.6
Armour         | |  0.6
Invocations    | |  2.2

Action                   || total
-------------------------++-------
Melee: Spear             ||    46
Invok: Depart the Abyss  ||     1
 Stab: Sleeping          ||     1
Armor: Leather armour    ||    10
Dodge: Dodged            ||    25

Table legend: (Time is in decaauts)
 A = Elapsed time spent in this place.
 B = Non-inter-level travel time spent in this place.
 C = Inter-level travel time spent in this place.
 D = Time resting spent in this place.
 E = Time spent auto-exploring this place.
 F = Levels seen in this place.
 G = Mean time per level.
                   A        B        C        D        E       F      G
               +--------+--------+--------+--------+--------+-----+--------+
         Total |    477 |    477 |      0 |    282 |     66 |   2 |  238.5 |
       Dungeon |    421 |    421 |      0 |    282 |     66 |   1 |  421.0 |
         Abyss |     56 |     56 |      0 |      0 |      0 |   1 |   56.0 |
               +--------+--------+--------+--------+--------+-----+--------+

Top non-repeatable levels by time:
     D:1: 421 daAuts
 Abyss:1: 56 daAuts
